BSA
PORTLAND PHILOSPHER KINGS @ AUSTIN RIVER SHARKS
04/29/2024
 
TOP OF THE 1ST
Portland Philospher Kings batting - Pitching for Austin River Sharks : RHP Troy Lynn
Pitching: RHP Troy Lynn
Batting: RHB Dani Vázquez 0-0: Called Strike
0-1: Ball
1-1: Called Strike
1-2: Fly out, F4 (Popup, 34)
Batting: LHB Keith Beard 0-0: Ball
1-0: Ball
2-0: Called Strike
2-1: Foul Ball, location: 2F
2-2: DOUBLE (Line Drive, 9LD) - OUT at third base trying to stretch hit.
Batting: LHB Jeff Daniels 0-0: Called Strike
0-1: Called Strike
0-2: Ball
1-2: Fly out, F3 (Line Drive, 3L)
Top of the 1st over - 0 run(s), 1 hit(s), 0 error(s), 0 left on base; Portland 0 - Austin 0
BOTTOM OF THE 1ST
Austin River Sharks batting - Pitching for Portland Philospher Kings : RHP Dionisio Penni
Pitching: RHP Dionisio Penni
Batting: RHB José Balina 0-0: Ball
1-0: Foul Ball, location: 2F
1-1: Ball
2-1: Ball
3-1: Called Strike
3-2: Ground out 4-3 (Groundball, 34)
Batting: LHB Luis Padilla 0-0: Ball
1-0: Called Strike
1-1: Swinging Strike
1-2: Ball
2-2: Fly out, F4 (Popup, 4)
Batting: LHB Roberto García 0-0: Ball
1-0: Swinging Strike
1-1: Ball
2-1: Ball
3-1: Called Strike
3-2: Ground out U3 (Groundball, 3L)
Bottom of the 1st over - 0 run(s), 0 hit(s), 0 error(s), 0 left on base; Portland 0 - Austin 0
TOP OF THE 2ND
Portland Philospher Kings batting - Pitching for Austin River Sharks : RHP Troy Lynn
Batting: RHB Paco Arellano 0-0: Called Strike
0-1: Called Strike
0-2: SINGLE (Line Drive, 9S)
Batting: LHB Paul Mullins 0-0: Called Strike
0-1: Ball
1-1: Foul Ball, location: 2F
1-2: Strikes out looking
Batting: LHB Tom Blake 0-0: Ball
1-0: Foul Ball, location: 2F
1-1: Ball
2-1: Foul Ball, location: 2F
2-2: Foul Ball, location: 2F
2-2: Ball
3-2: Base on Balls
Paco Arellano to second
Batting: RHB Aaron Scott 0-0: SINGLE (Line Drive, 34D)
Paco Arellano to third
Tom Blake to second
Batting: RHB Germán Rosales 0-0: Foul Ball, location: 2F
0-1: Foul Ball, location: 2F
0-2: Foul Ball, location: 2F
0-2: Strikes out swinging
Batting: LHB Bill Bertrand 0-0: Called Strike
0-1: Ball
1-1: Ground out 4-3 (Groundball, 4)
Top of the 2nd over - 0 run(s), 2 hit(s), 0 error(s), 3 left on base; Portland 0 - Austin 0
BOTTOM OF THE 2ND
Austin River Sharks batting - Pitching for Portland Philospher Kings : RHP Dionisio Penni
Batting: LHB Pedro Zaragoza 0-0: Ball
1-0: Called Strike
1-1: Ball
2-1: Called Strike
2-2: SINGLE (Groundball, 34D)
Batting: SHB Juan Castro 0-0: Ball
1-0: SINGLE (Groundball, 4MD)
Pedro Zaragoza to second
Batting: RHB Rich Ruffin 0-0: Ball
1-0: SINGLE (Flyball, 89S)
Pedro Zaragoza to third
Juan Castro to second
Batting: RHB Kenneth Roberts 0-0: Swinging Strike
0-1: Ball
1-1: Foul Ball, location: 2F
1-2: Strikes out swinging
Batting: RHB Hidetada Kichida 0-0: Foul Ball, location: 2F
0-1: Called Strike
0-2: Hit by Pitch
Pedro Zaragoza scores
Juan Castro to third
Rich Ruffin to second
Batting: RHB Edouard Padovano 0-0: Ball
1-0: DOUBLE (Groundball, 3D)
Juan Castro scores
Rich Ruffin scores
Hidetada Kichida to third
Runner from 3rd tries for Home, SAFE, no throw or cutoff
Batting: RHB José Balina 0-0: Foul Ball, location: 2F
0-1: Ball
1-1: Foul Ball, location: 2F
1-2: Strikes out looking
Batting: LHB Luis Padilla 0-0: Ball
1-0: Ball
2-0: Ground out 4-3 (Groundball, 4M)
Bottom of the 2nd over - 4 run(s), 4 hit(s), 0 error(s), 1 left on base; Portland 0 - Austin 4
TOP OF THE 3RD
Portland Philospher Kings batting - Pitching for Austin River Sharks : RHP Troy Lynn
Batting: RHB Dani Vázquez 0-0: Fly out, F3 (Popup, 3DF)
Batting: LHB Keith Beard 0-0: Ball
1-0: Swinging Strike
1-1: Ball
2-1: Ball
3-1: Bunted foul
3-2: Fly out, F9 (Line Drive, 89M)
Batting: LHB Jeff Daniels 0-0: Foul Ball, location: 2F
0-1: Foul Ball, location: 2F
0-2: DOUBLE (Groundball, 5L)
Batting: RHB Paco Arellano 0-0: Ball
1-0: Foul Ball, location: 2F
1-1: DOUBLE (Flyball, 89XD)
Jeff Daniels scores
Batting: LHB Paul Mullins 0-0: Ball
1-0: Fly out, F5 (Popup, 5SF)
Top of the 3rd over - 1 run(s), 2 hit(s), 0 error(s), 1 left on base; Portland 1 - Austin 4
BOTTOM OF THE 3RD
Austin River Sharks batting - Pitching for Portland Philospher Kings : RHP Dionisio Penni
Batting: LHB Roberto García 0-0: Called Strike
0-1: Ball
1-1: Called Strike
1-2: Ball
2-2: SINGLE (Groundball, 56S)
Batting: LHB Pedro Zaragoza 0-0: Called Strike
0-1: Ball
1-1: Ball
2-1: Grounds into double play, 5-4-3 (Groundball, 5L)
Batting: SHB Juan Castro 0-0: Ball
1-0: Fly out, F6 (Popup, 4MD)
Bottom of the 3rd over - 0 run(s), 1 hit(s), 0 error(s), 0 left on base; Portland 1 - Austin 4
TOP OF THE 4TH
Portland Philospher Kings batting - Pitching for Austin River Sharks : RHP Troy Lynn
Batting: LHB Tom Blake 0-0: Foul Ball, location: 2F
0-1: Called Strike
0-2: Ball
1-2: Ball
2-2: Foul Ball, location: 2F
2-2: Foul Ball, location: 2F
2-2: Foul Ball, location: 2F
2-2: Fly out, F8 (Popup, 6MD)
Batting: RHB Aaron Scott 0-0: Called Strike
0-1: Foul Ball, location: 2F
0-2: Ball
1-2: Ball
2-2: Ball
3-2: Foul Ball, location: 2F
3-2: DOUBLE (Line Drive, 78D)
Batting: RHB Germán Rosales 0-0: SINGLE (Popup, 4MD)
Aaron Scott to third
Batting: LHB Bill Bertrand 0-0: Called Strike
0-1: Called Strike
0-2: Strikes out looking
Batting: RHB Dani Vázquez 0-0: Ball
1-0: Ball
2-0: Ball
3-0: Called Strike
3-1: SINGLE (Line Drive, 5D)
Aaron Scott scores
Germán Rosales to second
Batting: LHB Keith Beard 0-0: Ball
1-0: Ball
2-0: Called Strike
2-1: Called Strike
2-2: Foul Ball, location: 2F
2-2: Foul Ball, location: 2F
2-2: TRIPLE (Line Drive, 8RXD)
Germán Rosales scores
Dani Vázquez scores
Batting: LHB Jeff Daniels 0-0: Called Strike
0-1: Foul Ball, location: 2F
0-2: Ground out 4-3 (Groundball, 4)
Top of the 4th over - 3 run(s), 4 hit(s), 0 error(s), 1 left on base; Portland 4 - Austin 4
BOTTOM OF THE 4TH
Austin River Sharks batting - Pitching for Portland Philospher Kings : RHP Dionisio Penni
Batting: RHB Rich Ruffin 0-0: Ball
1-0: Foul Ball, location: 2F
1-1: Swinging Strike
1-2: Foul Ball, location: 2F
1-2: Ball
2-2: Strikes out looking
Batting: RHB Kenneth Roberts 0-0: Ball
1-0: Swinging Strike
1-1: Ball
2-1: Called Strike
2-2: SINGLE (Groundball, 56D)
Batting: RHB Hidetada Kichida 0-0: Called Strike
0-1: Ball
1-1: Ball
2-1: DOUBLE (Line Drive, 89M)
Kenneth Roberts to third
Kenneth Roberts scores
Batting: RHB Edouard Padovano 0-0: Called Strike
0-1: SINGLE (Popup, 89S)
Hidetada Kichida to third
Runner from 3rd tries for Home, SAFE, throw made home
Pitching: LHP Rob Greene
Batting: RHB José Balina 0-0: Ball
1-0: Ball
2-0: Ball
3-0: Called Strike
3-1: Ground out 3-1 (Groundball, 34)
Edouard Padovano to second
Batting: LHB Luis Padilla 0-0: Called Strike
0-1: Ball
1-1: Called Strike
1-2: 2-RUN HOME RUN (Line Drive, 9D), Distance : 397 ft
Batting: LHB Roberto García 0-0: Swinging Strike
0-1: Foul Ball, location: 2F
0-2: Ball
1-2: SINGLE (Line Drive, 8LS)
Batting: LHB Pedro Zaragoza 0-0: Ball
1-0: Ground out 1-3 (Groundball, 13S)
Bottom of the 4th over - 4 run(s), 5 hit(s), 0 error(s), 1 left on base; Portland 4 - Austin 8
TOP OF THE 5TH
Portland Philospher Kings batting - Pitching for Austin River Sharks : RHP Troy Lynn
Batting: RHB Paco Arellano 0-0: Ball
1-0: Ball
2-0: Foul Ball, location: 2F
2-1: Ball
3-1: Fly out, F8 (Flyball, 8LXD)
Batting: LHB Paul Mullins 0-0: Called Strike
0-1: Swinging Strike
0-2: Ball
1-2: Foul Ball, location: 2F
1-2: Ball
2-2: Foul Ball, location: 2F
2-2: Ball
3-2: Strikes out swinging
Batting: LHB Tom Blake 0-0: Swinging Strike
0-1: Foul Ball, location: 2F
0-2: Ground out 4-3 (Groundball, 13)
Top of the 5th over - 0 run(s), 0 hit(s), 0 error(s), 0 left on base; Portland 4 - Austin 8
BOTTOM OF THE 5TH
Austin River Sharks batting - Pitching for Portland Philospher Kings : LHP Rob Greene
Batting: SHB Juan Castro 0-0: Ball
1-0: Called Strike
1-1: Swinging Strike
1-2: SINGLE (Line Drive, 56D)
Batting: RHB Rich Ruffin 0-0: SINGLE (Groundball, 56)
Juan Castro to second
Batting: RHB Kenneth Roberts 0-0: Foul Ball, location: 2F
0-1: Foul Ball, location: 2F
0-2: Strikes out looking
Batting: RHB Hidetada Kichida 0-0: Ball
1-0: Ball
2-0: Called Strike
2-1: SINGLE (Line Drive, 89S)
Juan Castro to third
Rich Ruffin to second
Batting: RHB Edouard Padovano 0-0: Ball
1-0: Ball
Wild Pitch!
Juan Castro scores
Rich Ruffin to third
Hidetada Kichida to second
2-0: Fly out, F7 (Flyball, 78S)
Batting: RHB José Balina 0-0: Swinging Strike
0-1: Ball
1-1: Ball
2-1: Fly out, F8 (Flyball, 8RXD)
Bottom of the 5th over - 1 run(s), 3 hit(s), 0 error(s), 2 left on base; Portland 4 - Austin 9
TOP OF THE 6TH
Portland Philospher Kings batting - Pitching for Austin River Sharks : RHP Troy Lynn
Pitching: RHP Sam MacIntyre
Batting: RHB Aaron Scott 0-0: Swinging Strike
0-1: Ball
1-1: Ball
2-1: Foul Ball, location: 2F
2-2: Foul Ball, location: 2F
2-2: Ball
3-2: Strikes out swinging
Batting: RHB Germán Rosales 0-0: SINGLE (Line Drive, 7S)
Batting: LHB Bill Bertrand 0-0: Ball
1-0: Called Strike
1-1: Swinging Strike
1-2: Ball
2-2: Foul Ball, location: 2F
2-2: SINGLE (Groundball, 34D)
Germán Rosales to second
Runner from 2nd tries for 3rd, SAFE, no throw or cutoff
Batting: RHB Dani Vázquez 0-0: Swinging Strike
0-1: Ball
1-1: SINGLE (Line Drive, 8LS)
Germán Rosales scores
Bill Bertrand to second
Batting: LHB Keith Beard 0-0: Ball
1-0: Called Strike
1-1: Foul Ball, location: 2F
1-2: Ball
2-2: Foul Ball, location: 2F
2-2: Strikes out swinging
Batting: LHB Jeff Daniels 0-0: Ball
1-0: Ball
2-0: Foul Ball, location: 2F
2-1: Foul Ball, location: 2F
2-2: Foul Ball, location: 2F
2-2: Foul Ball, location: 2F
2-2: SINGLE (Line Drive, 6MD)
Bill Bertrand to third
Dani Vázquez to second
Runner from 3rd tries for Home, SAFE, throw made at trailing runner, OUT at third!
Top of the 6th over - 2 run(s), 4 hit(s), 0 error(s), 1 left on base; Portland 6 - Austin 9
BOTTOM OF THE 6TH
Austin River Sharks batting - Pitching for Portland Philospher Kings : LHP Rob Greene
Batting: LHB Luis Padilla 0-0: Foul Ball, location: 2F
0-1: Called Strike
0-2: Ball
1-2: Ball
2-2: Ball
3-2: Foul Ball, location: 2F
3-2: Foul Ball, location: 2F
3-2: Foul Ball, location: 2F
3-2: Strikes out swinging
Batting: LHB Roberto García 0-0: Ground out U3 (Groundball, 3)
Batting: LHB Pedro Zaragoza 0-0: Called Strike
0-1: Ball
1-1: Ground out U3 (Groundball, 3L)
Bottom of the 6th over - 0 run(s), 0 hit(s), 0 error(s), 0 left on base; Portland 6 - Austin 9
TOP OF THE 7TH
Portland Philospher Kings batting - Pitching for Austin River Sharks : RHP Sam MacIntyre
Batting: RHB Paco Arellano 0-0: Called Strike
0-1: Ball
1-1: SINGLE (Groundball, 4M)
Batting: LHB Paul Mullins 0-0: Called Strike
0-1: Foul Ball, location: 2F
0-2: Foul Ball, location: 2F
0-2: Ball
1-2: DOUBLE (Groundball, 5L)
Paco Arellano to third
Batting: LHB Tom Blake 0-0: Ball
1-0: Ball
2-0: Foul Ball, location: 2F
2-1: Ball
3-1: Base on Balls
Batting: RHB Aaron Scott 0-0: Ball
Wild Pitch!
Paco Arellano scores
Paul Mullins to third
Tom Blake to second
1-0: Ball
2-0: Fly out, F4 (Line Drive, 4)
2-0: Lined into DP, 4-6 (Line Drive, 4)
Pitching: RHP Armen Boyajian
Batting: RHB Germán Rosales 0-0: Ball
1-0: Called Strike
1-1: Foul Ball, location: 2F
1-2: Strikes out swinging
Top of the 7th over - 1 run(s), 2 hit(s), 0 error(s), 1 left on base; Portland 7 - Austin 9
BOTTOM OF THE 7TH
Austin River Sharks batting - Pitching for Portland Philospher Kings : LHP Rob Greene
Pitching: LHP Edgardo Guzmán
Batting: SHB Juan Castro 0-0: Ball
1-0: Swinging Strike
1-1: Fly out, F4 (Popup, 3D)
Batting: RHB Rich Ruffin 0-0: Ball
1-0: Ball
2-0: Called Strike
2-1: Foul Ball, location: 2F
2-2: Ball
3-2: Strikes out swinging
Batting: RHB Kenneth Roberts 0-0: Ball
1-0: Swinging Strike
1-1: Foul Ball, location: 2F
1-2: Strikes out swinging
Bottom of the 7th over - 0 run(s), 0 hit(s), 0 error(s), 0 left on base; Portland 7 - Austin 9
TOP OF THE 8TH
Portland Philospher Kings batting - Pitching for Austin River Sharks : RHP Armen Boyajian
Batting: LHB Bill Bertrand 0-0: Foul Ball, location: 2F
0-1: Ball
1-1: Ball
2-1: SOLO HOME RUN (Flyball, 8RD), Distance : 420 ft
Batting: RHB Dani Vázquez 0-0: Called Strike
0-1: Foul Ball, location: 2F
0-2: Ball
1-2: Ball
2-2: Foul Ball, location: 2F
2-2: Ball
3-2: Fly out, F9 (Flyball, 89M)
Pitching: LHP Miguel Martínez
Batting: LHB Keith Beard 0-0: Foul Ball, location: 2F
0-1: Ground out 4-3 (Groundball, 4M)
Batting: LHB Jeff Daniels 0-0: Called Strike
0-1: Foul Ball, location: 2F
0-2: Ball
1-2: Ball
2-2: Fly out, F6 (Popup, 6M)
Top of the 8th over - 1 run(s), 1 hit(s), 0 error(s), 0 left on base; Portland 8 - Austin 9
BOTTOM OF THE 8TH
Austin River Sharks batting - Pitching for Portland Philospher Kings : LHP Edgardo Guzmán
Batting: RHB Hidetada Kichida 0-0: Called Strike
0-1: Called Strike
0-2: Foul Ball, location: 2F
0-2: Ball
1-2: Ball
2-2: Ground out 4-3 (Groundball, 4)
Batting: RHB Edouard Padovano 0-0: Called Strike
0-1: Foul Ball, location: 2F
0-2: Ball
1-2: Strikes out swinging
Batting: RHB José Balina 0-0: Ball
1-0: Called Strike
1-1: Ball
2-1: DOUBLE (Line Drive, 9LM) - OUT at third base trying to stretch hit.
Bottom of the 8th over - 0 run(s), 1 hit(s), 0 error(s), 0 left on base; Portland 8 - Austin 9
TOP OF THE 9TH
Portland Philospher Kings batting - Pitching for Austin River Sharks : LHP Miguel Martínez
Pitching: RHP Daniel Morris
Batting: RHB Paco Arellano 0-0: Foul Ball, location: 2F
0-1: DOUBLE (Flyball, 8RXD)
Batting: LHB Paul Mullins 0-0: Ball
1-0: Called Strike
1-1: Ground out 6-3 (Groundball, 6)
Batting: LHB Tom Blake 0-0: Ball
1-0: Ground out 6-3 (Groundball, 6M)
Paco Arellano to third
Batting: RHB Aaron Scott 0-0: Ball
1-0: Ball
2-0: Ball
3-0: Called Strike
3-1: Fly out, F8 (Flyball, 8RM)
Top of the 9th over - 0 run(s), 1 hit(s), 0 error(s), 1 left on base; Portland 8 - Austin 9
This league is powered by Out of the Park Baseball, the baseball management simulation game for PC, Mac and Linux
Saturday, April 9th, 2016 - OOTP Baseball 16.8 Build 38